 Dungeon Crawl Stone Soup version 0.23-a0-183-gf37f6fb109 (webtiles) character file.

1619 PikkenKukken the Poker (level 8, -6/71 HPs)
             Began as a Hill Orc Fighter on Sept 21, 2018.
             Mangled by Menkaure (17 damage)
             ... while paralysed by Grinder
             ... on level 6 of the Dungeon.
             The game lasted 00:07:25 (5112 turns).

PikkenKukken the Poker (Hill Orc Fighter)           Turns: 5112, Time: 00:07:26

Health: -6/71      AC: 12    Str: 21    XL:     8   Next: 96%
Magic:  8/8        EV:  2    Int:  8    God:
Gold:   224        SH:  0    Dex: 10    Spells: 7/7 levels left

rFire    + . .     SeeInvis .   a - +0 trident
rCold    + . .     Gourm    .   t - +2 shield
rNeg     . . .     Faith    .   j - +3 ring mail {MR+}
rPois    +         Spirit   .   (helmet restricted)
rElec    +         Reflect  .   (no cloak)
rCorr    +         Harm     .   g - +1 pair of gloves
MR       +....                  (no boots)
Stlth    ..........             (no amulet)
HPRegen  0.21/turn              (no ring)
MPRegen  0.11/turn              (no ring)

@: paralysed, resistant, drained
A: horns 1, screaming 1, shaggy fur 1
a: no special abilities


You were on level 6 of the Dungeon.
You were not hungry.

You visited 1 branch of the dungeon, and saw 6 of its levels.
You also visited: Sewer.

You collected 224 gold pieces.

Inventory:

Hand Weapons
 a - a +0 trident (weapon)
 h - a +0 long sword of holy wrath
 l - a +0 dagger of venom
Armour
 g - a +1 pair of gloves (worn)
 j - a +3 ring mail of magic resistance (worn)
 t - a +2 shield (worn)
Scrolls
 b - 2 scrolls of identify
 c - a scroll of remove curse
 m - a scroll of enchant armour
 s - a scroll of magic mapping
Potions
 d - 3 potions of might
 k - a potion of haste
 p - 4 potions of curing
 q - 6 potions of brilliance
 r - 2 potions of heal wounds
Comestibles
 f - 7 rations
 n - 2 chunks of flesh


   Skills:
 + Level 6.5(5.5) Fighting
 - Level 0.1(0.0) Short Blades
 * Level 7.3(6.3) Polearms
 + Level 5.8(4.8) Armour
 + Level 3.4(2.5) Dodging
 + Level 5.8(4.9) Shields


You had 7 spell levels left.
You didn't know any spells.
Your spell library was empty.

Dungeon Overview and Level Annotations

Branches:
Dungeon (6/15)
 Temple: D:4-7

Altars:
Yredelemnul

Annotations:
D:6 Grinder, Menkaure


Innate Abilities, Weirdness & Mutations

You have a pair of small horns on your head.
You occasionally shout uncontrollably at your foes.
You are covered in fur. (AC +1)


Message History

You feel drained. Menkaure barely misses you.
A sky beast comes into view.
The wight hits you but does no damage. x2; Menkaure hits you!
Grinder hits you but does no damage.
The wight hits you with an enchanted dagger.
You feel drained. The wight hits you but does no damage.
Menkaure mumbles drily.
Menkaure hits you!
* * * LOW HITPOINT WARNING * * *
The sky beast flickers out of sight!
Deactivating autopickup; reactivate with Ctrl-A.
Grinder blinks!
The wight hits you with an enchanted dagger!
* * * LOW HITPOINT WARNING * * *
You feel drained.
* * * LOW HITPOINT WARNING * * *
The wight hits you but does no damage. Something hits you but does no damage.
Menkaure hits you!
You die...

.#...#...#....#
.#...#...#...#..# ###
..#...#...#....####..
.#...#...#...#........
.#...#...#...#....###...
...#...#...#...#..# #...
#...#...#...#....# ##..
#..{#...#...#..# #..
#z@ยง#...#....# ....
#..z#M..#...#..#.##..
#...#..z#5..#..#.# #..
...# ..#...#..###.# ##.
.# .#...#.....# # #.
#...#..#..... ..#....
...... ....+... ...


You could see Grinder, Menkaure and 3 wights.

Vanquished Creatures
  Pikel (D:4)
  Sigmund (D:2)
  An ice beast (D:5)
  2 sky beasts
  A scorpion (D:5)
  A centaur skeleton (D:4)
  3 hounds
  2 orc priests (D:3)
  3 orc wizards
  4 worker ants
  A hound zombie (D:5)
  3 gnolls (D:5)
  6 river rats (Sewer)
  14 adders
  4 oozes
  An adder skeleton (D:4)
  A dart slug (D:2)
  3 leopard geckos
  10 orcs
  4 giant cockroaches
  6 goblins
  3 hobgoblins
  2 jackals (D:4)
  4 quokkas
  3 ball pythons (Sewer)
  5 bats
  2 frilled lizards (D:2)
  23 kobolds
  A leopard gecko skeleton (D:5)
  A quokka zombie (D:6)
  25 rats
141 creatures vanquished.

Vanquished Creatures (others)
  A giant cockroach (D:4)
  2 jackals (D:4)
3 creatures vanquished.

Grand Total: 144 creatures vanquished

Notes
Turn   | Place    | Note
-------+----------+-------------------------------------------
     0 | D:1      | PikkenKukken the Hill Orc Fighter began the quest for the
                  | Orb.
     0 | D:1      | Reached XP level 1. HP: 19/19 MP: 1/1
   282 | D:1      | Reached XP level 2. HP: 27/27 MP: 2/2
  1009 | D:2      | Reached XP level 3. HP: 26/33 MP: 3/3
  1037 | D:2      | Noticed Sigmund
  1058 | D:2      | Killed Sigmund
  1058 | D:2      | Reached skill level 4 in Polearms
  1058 | D:2      | Reached skill level 1 in Dodging
  1058 | D:2      | Reached XP level 4. HP: 16/41 MP: 4/4
  1058 | D:2      | Reached XP level 5. HP: 19/47 MP: 5/5
  1268 | D:2      | Gained mutation: You expend magic power (3 MP) to
                  | strengthen your wands. [potion of mutation]
  1268 | D:2      | Gained mutation: You occasionally shout uncontrollably at
                  | your foes. [potion of mutation]
  1268 | D:2      | Gained mutation: Your spells are a little harder to cast,
                  | but a little more powerful. [potion of mutation]
  1269 | D:2      | Lost mutation: Your spells are a little harder to cast, but
                  | a little more powerful. [potion of mutation]
  1269 | D:2      | Lost mutation: You expend magic power (3 MP) to strengthen
                  | your wands. [potion of mutation]
  1269 | D:2      | Gained mutation: You are covered in fur. (AC +1) [potion of
                  | mutation]
  1269 | D:2      | Gained mutation: You have a pair of small horns on your
                  | head. [potion of mutation]
  1505 | D:2      | Found a basalt altar of Yredelemnul.
  1691 | D:3      | Reached XP level 6. HP: 53/53 MP: 6/6
  1717 | D:3      | Found a glowing drain.
  1923 | Sewer    | Entered a sewer
  2201 | Sewer    | Reached skill level 5 in Fighting
  2703 | D:3      | Reached XP level 7. HP: 50/61 MP: 7/7
  2798 | D:3      | Reached skill level 5 in Polearms
  3280 | D:4      | Noticed Pikel
  3302 | D:4      | Killed Pikel
  3302 | D:4      | Reached skill level 6 in Polearms
  3302 | D:4      | Reached skill level 5 in Armour
  3302 | D:4      | Reached skill level 5 in Shields
  3302 | D:4      | Reached XP level 8. HP: 38/70 MP: 8/8
  4195 | D:5      | Entered Level 5 of the Dungeon
  4481 | D:5      | Reached skill level 7 in Polearms
  5098 | D:6      | Noticed Menkaure
  5099 | D:6      | Noticed Grinder
  5106 | D:6      | Paralysed by Grinder for 7 turns
  5112 | D:6      | Mangled by Menkaure

Vault maps used:
D:1:      dpeg_arrival_rhombi
D:2:      yredelemnul_altar_generic, uniq_sigmund
D:3:      gup_sewer_entry_glass, minivault_25
D:4:      uniq_pikel
D:5:      first_ration, kennysheep_decorative_pillar
D:6:      lemuel_slime, minmay_temple_entry_nine_rooms, hex_large, uniq_grinder,
          uniq_menkaure
Sewer:    sewer_minmay_treatment

Skill      XL: |  1  2  3  4  5  6  7  8 |
---------------+-------------------------+-----
Fighting       | 4 5 6 |  6.5
Polearms       | 4 6 7 |  7.3
Armour         | 4 5 |  5.8
Dodging        | 1 2 3 |  3.4
Shields        | 4 5 |  5.8
Short Blades   | |  0.1

Action                   |  1- 3 |  4- 6 |  7- 9 || total
-------------------------+-------+-------+-------++-------
Melee: Trident           |    84 |   238 |   237 ||   559
       Dagger            |    27 |       |       ||    27
       Headbutt          |       |    38 |    45 ||    83
       Long sword        |       |       |     3 ||     3
  Use: Scroll            |       |     6 |     4 ||    10
       Potion            |       |     2 |     5 ||     7
  Eat: Chunk             |     1 |     5 |     8 ||    14
Armor: Scale mail        |    11 |       |       ||    11
       Ring mail         |    27 |   106 |    77 ||   210
Dodge: Dodged            |    45 |   111 |    86 ||   242
Block: Shield            |    43 |   129 |    96 ||   268

Table legend:
 A = Non-vault XP
 B = Vault XP
 C = Vault XP percentage of total XP
 D = Non-vault monster count
 E = Vault monster count
 F = Vault count percentage of total count
                 A         B        C        D         E       F
            +---------+---------+-------+---------+---------+-------
      Total |    1233 |    1081 |  46.7 |      87 |      54 |  38.3
            +---------+---------+-------+---------+---------+-------
        D:1 |      30 |       0 |   0.0 |      16 |       0 |   0.0
        D:2 |      64 |     223 |  77.7 |      17 |       1 |   5.6
        D:3 |     199 |      53 |  21.0 |      18 |       4 |  18.2
        D:4 |     280 |     617 |  68.8 |      17 |       1 |   5.6
        D:5 |     532 |       0 |   0.0 |      16 |       0 |   0.0
        D:6 |     128 |       0 |   0.0 |       3 |       0 |   0.0
      Sewer |       0 |     188 | 100.0 |       0 |      48 | 100.0
            +---------+---------+-------+---------+---------+-------
